 Dungeon Crawl Stone Soup version 0.31-a0-1598-g94871bc2e8 (webtiles) character file.

Game seed: 15096449814106945743

1455 mopl the Insei (level 8, -1/54 HPs)
             Began as an Octopode Shapeshifter on Jan 7, 2024.
             Slain by a white imp (2 damage)
             ... summoned by a kobold demonologist
             ... on level 6 of the Dungeon.
             The game lasted 00:05:24 (4094 turns).

mopl the Insei (Octopode Shapeshifter)              Turns: 4094, Time: 00:05:25

Health: -1/54      AC:  1    Str: 13      XL:     8   Next: 76%
Magic:  8/8        EV: 14    Int: 13      God:
Gold:   292        SH:  0    Dex: 12 (13) Spells: 7/7 levels left

rFire   . .          .
                       - Unarmed
rCold   . . .        (no shield)
rNeg    . . .        (helmet currently unavailable)
rPois   .            (no amulet)
rElec   .            (no ring)
rCorr   .            (no ring)
SInv    .            (no ring)
Will    .....        (no ring)
Stlth   ++           (no ring)
HPRegen 0.29/turn    (no ring)
MPRegen 0.11/turn    (no ring)
                     (no ring)

%: no passive effects
@: beast-form
A: beast (slay +3), almost no armour, amphibious, 8 rings, camouflage 1,
gelatinous body 1, (nimble swimmer 1), tentacles
a: Begin Untransformation


You were on level 6 of the Dungeon.
You were a hulking beast.
You visited 2 branches of the dungeon, and saw 7 of its levels.
You also visited: Ossuary.

You collected 292 gold pieces.

Inventory:

Hand Weapons
 m - a +0 arbalest
Missiles
 d - 6 poisoned darts
 f - 4 boomerangs
 y - 6 darts of dispersal
 D - 3 atropa-tipped darts
Jewellery
 t - a ring of fire
Talismans
 b - a beast talisman
 c - a flux talisman
 C - a maw talisman
Scrolls
 e - 2 scrolls of immolation {unknown}
 g - 4 scrolls of identify {unknown}
 h - 2 scrolls of fear {unknown}
 j - a scroll of torment {unknown}
 p - a scroll of teleportation {unknown}
 q - a scroll of revelation {unknown}
 s - a scroll of silence {unknown}
 u - 2 scrolls of amnesia {unknown}
 w - 2 scrolls of poison {unknown}
 B - a scroll of acquirement {unknown}
Potions
 a - a potion of lignification {!q}
 i - a potion of attraction {unknown}
 k - 2 potions of might {unknown}
 l - 2 potions of degeneration {unknown}
 n - a potion of mutation {unknown}
 o - a potion of heal wounds {unknown}
 r - 3 potions of resistance {unknown}
 v - 3 potions of invisibility {unknown}
 x - a potion of berserk rage {unknown}
 z - a potion of haste {unknown}
 A - a potion of curing {unknown}


   Skills:
 + Level 4.2 Fighting
 + Level 4.5 Dodging
 * Level 6.8 Unarmed Combat
 * Level 6.3 Shapeshifting


You had 7 spell levels left.
You didn't know any spells.
Your spell library contained the following spells:

 Spells                   Type           Power      Damage    Failure   Level
 Magic Dart               Conj           0%         1d3       30%         1
 Searing Ray              Conj           0%         2d4       43%         2
 Hailstorm                Conj/Ice       0%         3d5       67%         3
 Summon Ice Beast         Ice/Summ       0%         N/A       67%         3
 Fulminant Prism          Conj/Alch      0%         3d5       97%         4
 Sculpt Simulacrum        Ice/Alch       0%         N/A       100%        6


Dungeon Overview and Level Annotations

Branches:
Dungeon (6/15)             Temple (1/1) D:4         Ossuary (visited)

Altars:
Ashenzari
Dithmenos
Elyvilon
Fedhas
Gozag
Hepliaklqana
Makhleb
Nemelex Xobeh
Okawaru
Qazlal
Ru
Sif Muna
Trog
Vehumet
Wu Jian
Xom
Yredelemnul
Zin
The Shining One


Innate Abilities, Weirdness & Mutations

You are a hulking beast.
Your limbs bulge with bestial killing power. (Slay +3)
You cannot wear most types of armour.
You are amphibious.
You can wear up to eight rings at the same time.
Your skin changes colour to match your surroundings (Stealth+).
Your rubbery body absorbs attacks. (AC +1, EV +1)
((You are camouflaged when in or above water. (Stealth+)))
You have tentacles for arms and can constrict up to eight enemies at once.


Message History

The quasit claws you but does no damage.
The quasit barely misses you. The ufetubus closely misses you.
The ufetubus misses you.
The kobold demonologist hits you with a +0 dagger.
* * * LOW HITPOINT WARNING * * *
You tentacle-slap the kobold demonologist.
The kobold demonologist is moderately wounded.
You constrict the kobold demonologist. The ufetubus closely misses you.
The ufetubus misses you. The quasit closely misses you.
The quasit claws you but does no damage. x2
The white imp shouts, "Leave, thou infectious pigeon-egg tinkerer!"
The white imp hits you.
* * * LOW HITPOINT WARNING * * *
The white imp freezes you.
* * * LOW HITPOINT WARNING * * *
The kobold demonologist misses you.
You bludgeon the kobold demonologist!
The kobold demonologist is heavily wounded.
You constrict the kobold demonologist, but do no damage.
The ufetubus hits you but does no damage.
The ufetubus barely misses you. The quasit misses you.
The quasit closely misses you. The quasit barely misses you.
The white imp misses you.
You tentacle-slap the kobold demonologist.
You squeeze the kobold demonologist!
The kobold demonologist is almost dead.
You constrict the kobold demonologist. The ufetubus hits you.
* * * LOW HITPOINT WARNING * * *
The ufetubus misses you.
The kobold demonologist hits you with a +0 dagger.
* * * LOW HITPOINT WARNING * * *
The quasit bites you.
* * * LOW HITPOINT WARNING * * *
The quasit claws you.
* * * LOW HITPOINT WARNING * * *
The quasit claws you but does no damage.
The white imp hits you.
* * * LOW HITPOINT WARNING * * *
The white imp freezes you.
You die...

################
......#.................
<.....#.................
......................[.
.##.....................
.##........#..#.........
...........+>.+......#+#
.##........#.##.5K......
.#...........)).h5#
.#...###.....)).5.#
.#...# #.......####
#.... #.......# #...
#.......# ... .........+
..........# ..........#


You could see a kobold demonologist, a quasit (summoned), a white imp (summoned)
and an ufetubus (summoned).

Vanquished Creatures
  An ice beast (D:5)
  An ogre (D:5)
  A centaur (D:5)
  A phantom (D:5)
  A bullfrog (D:5)
  An elf zombie (Ossuary)
  A howler monkey (D:5)
  3 centaur zombies (Ossuary)
  3 human zombies (Ossuary)
  2 orc priests (D:6)
  5 bombardier beetles
  A hound (D:5)
  Jessica (D:2)
  Natasha (thrice) (D:3)
  An orc wizard (D:6)
  8 hound zombies (Ossuary)
  2 mummies (Ossuary)
  A gnoll (D:2)
  5 adders
  A white imp (D:5)
  4 ufetubi (D:5)
  5 adder zombies (Ossuary)
  5 ribbon worms
  2 dart slugs
  8 orcs
  8 endoplasms
  6 giant cockroaches
  4 gnoll zombies (Ossuary)
  10 goblins
  6 hobgoblins
  7 jackals
  7 quokkas
  9 ball pythons
  4 bats
  7 frilled lizards
  A goblin zombie (D:4)
  2 jackal zombies (Ossuary)
  3 kobolds
  4 kobold zombies (Ossuary)
  7 orc zombies (Ossuary)
  22 rats
174 creatures vanquished.

Notes
Turn   | Place    | Note
-------+----------+-------------------------------------------
     0 | D:1      | mopl the Octopode Shapeshifter began the quest for the Orb.
     0 | D:1      | Reached XP level 1. HP: 13/13 MP: 1/1
   117 | D:1      | Reached XP level 2. HP: 14/18 MP: 2/2
   465 | D:1      | Reached XP level 3. HP: 20/23 MP: 3/3
   878 | D:2      | Noticed Jessica
   883 | D:2      | Killed Jessica
   884 | D:2      | Reached XP level 4. HP: 6/28 MP: 4/4
  1408 | D:3      | Noticed Natasha
  1416 | D:3      | Killed Natasha
  1417 | D:3      | Reached skill level 2 in Fighting
  1417 | D:3      | Reached skill level 4 in Unarmed Combat
  1417 | D:3      | Reached XP level 5. HP: 26/34 MP: 5/5
  1500 | D:3      | Reached skill level 4 in Shapeshifting
  1501 | D:3      | Noticed Natasha
  1508 | D:3      | Killed Natasha
  1577 | D:3      | Noticed Natasha
  1584 | D:3      | Killed Natasha
  1678 | D:3      | Found a shimmering blue altar of Sif Muna.
  1687 | D:3      | Found a hazy altar of Hepliaklqana.
  1815 | D:4      | Found a staircase to the Ecumenical Temple.
  1824 | Temple   | Entered the Ecumenical Temple
  1827 | Temple   | Reached XP level 6. HP: 31/41 MP: 6/6
  1885 | D:4      | Reached skill level 3 in Dodging
  1960 | D:4      | Found a sand-covered staircase.
  2003 | Ossuary  | Entered an ossuary
  2160 | Ossuary  | Reached skill level 5 in Unarmed Combat
  2207 | Ossuary  | Reached XP level 7. HP: 27/45 MP: 7/7
  2217 | Ossuary  | Reached skill level 3 in Fighting
  2346 | Ossuary  | Reached skill level 5 in Shapeshifting
  3057 | D:5      | Entered Level 5 of the Dungeon
  3068 | D:5      | Reached XP level 8. HP: 52/52 MP: 8/8
  3123 | D:5      | Identified the +1 leather armour of Ummis {rElec rN+ Int-2}
  3194 | D:5      | Reached skill level 4 in Dodging
  3194 | D:5      | Reached skill level 6 in Unarmed Combat
  3814 | D:5      | Reached skill level 6 in Shapeshifting
  3821 | D:5      | Reached skill level 4 in Fighting
  4083 | D:6      | Noticed a kobold demonologist
  4094 | D:6      | HP: 1/54 [white imp[a kobold demonologist] (4)]
  4094 | D:6      | Slain by a white imp

Illustrated notes

Levels and vault maps discovered:
D:1:      zelgadis_glass_arrival_small, layout_loops_ring,
          grunt_decor_mini_mirrors, minmay_lizard_king
D:2:      kennysheep_big_flooded_room, layout_basic, kennysheep_generic_room_11,
          uniq_jessica
D:3:      layout_rooms, grunt_temple_overflow_open, kennysheep_generic_room_14,
          uniq_natasha
D:4:      layout_cave_pools, minmay_temple_entry_mini_moons, enter_ossuary_3,
          minmay_rat_hole
D:5:      layout_loops_ring
D:6:      minmay_octagon_keep, layout_basic
Temple:   nicolae_temple_bog_church

Skill      XL: |  1  2  3  4  5  6  7  8 |
---------------+-------------------------+-----
Fighting       | 2 3 4 |  4.2
Unarmed Combat | 4 5 6 |  6.8
Shapeshifting  | 4 5 6 |  6.3
Dodging        | 3 4 |  4.5

Action                     |  1- 3 |  4- 6 |  7- 9 || total
---------------------------+-------+-------+-------++-------
  Melee: Unarmed           |    66 |   169 |   177 ||   412
         Tentacles         |    17 |    40 |    41 ||    98
         Constrict         |    14 |    49 |    36 ||    99
         Punch             |     2 |     7 |     9 ||    18
    Use: Potion            |       |       |     1 ||     1
   Stab: Sleeping          |     4 |     3 |     5 ||    12
 Armour: Skin              |    31 |    80 |   100 ||   211
  Dodge: Dodged            |    28 |   112 |   168 ||   308

Table legend: (Time is in decaauts)
 A = Elapsed time spent in this place.
 B = Non-inter-level travel time spent in this place.
 C = Inter-level travel time spent in this place.
 D = Time resting spent in this place.
 E = Time spent auto-exploring this place.
 F = Levels seen in this place.
 G = Mean time per level.
                   A        B        C        D        E       F      G
               +--------+--------+--------+--------+--------+-----+--------+
         Total |   4056 |   3932 |    124 |    776 |   2198 |   8 |  507.0 |
       Dungeon |   3472 |   3348 |    124 |    484 |   2151 |   6 |  578.7 |
        Temple |     39 |     39 |      0 |      0 |      0 |   1 |   39.0 |
       Ossuary |    544 |    544 |      0 |    292 |     47 |   1 |  544.0 |
               +--------+--------+--------+--------+--------+-----+--------+

Top non-repeatable levels by time:
     D:5: 993 daAuts
     D:1: 777 daAuts
     D:4: 640 daAuts
 Ossuary: 544 daAuts
     D:2: 522 daAuts
     D:3: 505 daAuts
  Temple: 39 daAuts
     D:6: 33 daAuts
